 Dungeon Crawl Stone Soup version 0.26-a0-812-g31a745ddcd (webtiles) character file.

Game seed: 3277993786579013354

13857 vishdafish the Carver (level 11, -2/87 HPs)
             Began as a Demonspawn Fighter on Nov 29, 2020.
             Was a High Priest of Okawaru.
             Slain by an ogre
             ... wielding a +0 giant spiked club
              (6 damage)
             ... on level 1 of the Orcish Mines.
             The game lasted 00:22:39 (11796 turns).

vishdafish the Carver (Demonspawn Fighter)         Turns: 11796, Time: 00:22:40

Health: -2/87      AC: 22    Str: 23    XL:     11   Next: 81%
Magic:  16/16      EV:  8    Int:  6    God:    Okawaru [*****.]
Gold:   750        SH: 12    Dex: 18    Spells: 10/10 levels left

rFire    . . .     SeeInvis .   L - +0 scimitar
rCold    + + .     Faith    .   c - +0 kite shield
rNeg     . . .     Spirit   .   w - +2 chain mail {rPois}
rPois    +         Reflect  .   (helmet restricted)
rElec    .         Harm     .   P - +2 cloak of Midnight {rPois Str+3 Int-4}
rCorr    .         Rampage  .   (no gloves)
MR       .....                  G - +2 pair of boots
Stlth    ..........             J - amulet of regeneration
HPRegen  0.64/turn              z - +6 ring of dexterity
MPRegen  0.15/turn              e - ring of protection from cold

@: no status effects
A: antennae 2, talons 1, yellow scales 2, blink, cold resistance 1, spiny 1,
freezing cloud immunity
a: Blink, Heroism, Finesse, Renounce Religion


You were on level 1 of the Orcish Mines.
You worshipped Okawaru.
Okawaru was extremely pleased with you.
You visited 2 branches of the dungeon, and saw 11 of its levels.

You collected 982 gold pieces.
You spent 232 gold pieces at shops.

Inventory:

Hand Weapons
 a - a +0 long sword
 L - a +0 scimitar (weapon)
 O - the +9 staff of Olgreb {rPois∞}
   (You found it on level 8 of the Dungeon)

   It grants immunity to poison.
Missiles
 x - 8 atropa-tipped darts (quivered)
Armour
 b - a +0 scale mail
 c - a +0 kite shield (worn)
 w - a +2 chain mail of poison resistance (worn)
 G - a +2 pair of boots (worn)
 N - a +0 cloak
 P - the +2 cloak of Midnight (worn) {rPois Str+3 Int-4}
   (Okawaru gifted it to you on level 9 of the Dungeon)

   It affects your strength (+3).
   It affects your intelligence (-4).
   It protects you from poison.
Jewellery
 e - a ring of protection from cold (right hand)
 q - an uncursed ring of flight
 z - a +6 ring of dexterity (left hand)
 A - an uncursed ring of magical power
 J - an amulet of regeneration (around neck)
Wands
 t - a wand of random effects (38)
 D - a wand of paralysis (3)
Scrolls
 g - a scroll of random uselessness {unknown}
 h - a scroll of teleportation
 i - 3 scrolls of amnesia
 m - a scroll of fog {unknown}
 p - 5 scrolls of remove curse
 s - a scroll of magic mapping {unknown}
 v - 3 scrolls of blinking {unknown}
 y - 2 scrolls of enchant armour {unknown}
 B - a scroll of fear {unknown}
 E - 3 scrolls of immolation {unknown}
 H - a scroll of torment {unknown}
 K - 3 scrolls of enchant weapon {unknown}
 M - a scroll of vulnerability {unknown}
Potions
 d - 2 potions of magic {unknown}
 f - 2 potions of resistance
 j - 2 potions of heal wounds
 k - 7 potions of curing
 l - a potion of attraction {unknown}
 n - 2 potions of invisibility {unknown}
 o - a potion of lignification
 r - 5 potions of mutation
 u - a potion of brilliance
 C - a potion of cancellation
 I - 2 potions of degeneration {unknown}
 Q - a potion of ambrosia


   Skills:
 + Level 8.6 Fighting
 + Level 10.3 Long Blades
 - Level 0.3 Throwing
 + Level 8.2 Armour
 - Level 1.5 Dodging
 - Level 0.2 Stealth
 + Level 8.4 Shields
 + Level 7.7 Invocations


You had 10 spell levels left.
You didn't know any spells.
Your spell library contained the following spells:

 Spells                   Type           Power        Failure   Level
 Magic Dart               Conj           #...         100%        1
 Blink                    Tloc           N/A          100%        2
 Call Imp                 Summ           #.......     100%        2
 Slow                     Hex            #.......     100%        2
 Conjure Flame            Conj/Fire      #.......     100%        3
 Mephitic Cloud           Conj/Pois/Air  #.......     100%        3


Dungeon Overview and Level Annotations

Branches:
Dungeon (10/15)            Temple (0/1) D:7            Lair (0/6) D:10
    Orc (1/2) D:9

Altars:
Ashenzari
Fedhas
Makhleb
Nemelex Xobeh
Okawaru
Ru
Sif Muna
Trog
Vehumet
Yredelemnul
Zin
The Shining One

Shops:
D:5 !   D:7 !   D:9 ([   Orc:1 (

Annotations:
D:8 1 runed translucent door


Innate Abilities, Weirdness & Mutations

You have a pair of antennae on your head.
You are mostly covered in yellow scales. (AC +3)
Your flesh is cold resistant. (rC+)
You are partially covered in sharp spines.
You are immune to freezing clouds.
You have sharp toenails.
You can translocate small distances at will.


Message History

Okawaru accepts your kill. You block the orc warrior's attack.
The orc warrior closely misses you.
You see here a +0 flail.
The orc warrior hits you but does no damage.
The orc warrior hits you but does no damage.
Evoke which item? (* to show all) (? for menu, Esc to quit)
Aiming: Paralyse
Press: ? - help, Shift-Dir - straight line, f - ogre
Aim: an ogre, wielding a +0 giant spiked club (chance to defeat MR: 46%)
The ogre resists with some effort.
You hit the ogre.
The ogre is lightly wounded.
You block the ogre's attack.
You slash the ogre!
The ogre is heavily wounded.
The orc warrior hits you from afar with a +0 glaive!
* * * LOW HITPOINT WARNING * * *
The ogre hits you with a +0 giant spiked club.
You die...

##...[<....### ##.........
##.........# ..........
#........## #.#.......
#........### ##..)......
#..........###.)))......
..............##)[.......
>.............##..o.......
#..............###.........
.>......#.#....@Oo#........
..######............... ..
#..................
#........##.#.#.#..
.........## ######
.......### .....## ...#


You could see an orc warrior and an ogre.

Vanquished Creatures
  Gastronok (D:8)
  An orc warlord (D:9)
  A two-headed ogre (D:10)
  An orc high priest (Orc:1)
  An orc sorcerer (D:9)
  A komodo dragon (D:10)
  6 trolls
  A wyvern (D:8)
  A wraith (D:9)
  4 yaks (D:10)
  A spriggan (D:7)
  2 soldier ants (D:8)
  2 wargs (Orc:1)
  2 water moccasins
  3 sky beasts
  12 orc warriors
  2 ice beasts
  A black bear (D:9)
  A necrophage (D:9)
  3 ogres
  3 centaurs
  A big kobold (D:8)
  8 bullfrogs
  A wyvern zombie (D:8)
  A gnoll sergeant (D:9)
  A scorpion (D:5)
  6 killer bees (D:8)
  5 wights
  4 howler monkeys
  A bullfrog zombie (D:7)
  4 human zombies (D:9)
  5 jellies
  8 orc priests
  A bullfrog skeleton (D:3)
  2 centaur skeletons
  3 hounds
  17 orc wizards
  A gnoll shaman (D:10)
  A human skeleton (D:9)
  Jessica (D:2)
  Ijyb (D:4)
  2 iguanas (D:6)
  14 worker ants
  A killer bee zombie (D:10)
  A hound zombie (D:9)
  A hound skeleton (D:5)
  2 mummies (D:9)
  A howler monkey zombie (D:8)
  2 worker ant zombies
  A howler monkey skeleton (D:4)
  16 gnolls
  10 adders
  A shadow imp (D:9)
  5 white imps
  An ufetubus (D:9)
  2 oozes
  An adder zombie (D:5)
  3 adder skeletons
  3 worms
  A dart slug (D:1)
  5 leopard geckos
  48 orcs
  A ball python (D:6)
  5 bats
  6 giant cockroaches
  15 goblins
  5 hobgoblins
  7 jackals
  10 kobolds
  6 quokkas
  A frilled lizard (D:3)
  A giant cockroach zombie (D:6)
  2 leopard gecko skeletons
  A leopard gecko zombie (D:9)
  An orc skeleton (D:9)
  A quokka zombie (D:7)
  4 rats
309 creatures vanquished.

Vanquished Creatures (others)
  2 jackals (D:2)
  A plant (D:10)
3 creatures vanquished.

Grand Total: 312 creatures vanquished

Notes
Turn   | Place    | Note
-------+----------+-------------------------------------------
     0 | D:1      | vishdafish the Demonspawn Fighter began the quest for the
                  | Orb.
     0 | D:1      | Reached XP level 1. HP: 18/18 MP: 1/1
   284 | D:1      | Gained mutation: You have a pair of small antennae on your
                  | head. [demonic ancestry]
   284 | D:1      | Reached XP level 2. HP: 22/24 MP: 2/2
   489 | D:1      | Reached skill level 2 in Long Blades
   812 | D:2      | Found a radiant altar of Vehumet.
   921 | D:2      | Gained mutation: You are partially covered in yellow
                  | scales. (AC +2) [demonic ancestry]
   921 | D:2      | Reached XP level 3. HP: 22/29 MP: 3/3
  1472 | D:2      | Noticed Jessica
  1479 | D:2      | Killed Jessica
  1479 | D:2      | Gained mutation: You have a pair of antennae on your head.
                  | [demonic ancestry]
  1479 | D:2      | Reached XP level 4. HP: 20/35 MP: 4/4
  2514 | D:3      | Found a glowing golden altar of the Shining One.
  2539 | D:3      | Reached XP level 5. HP: 41/41 MP: 5/5
  2639 | D:3      | Reached skill level 3 in Long Blades
  2953 | D:3      | Found a broken altar of Ashenzari.
  3258 | D:4      | Noticed an Executioner
  3259 | D:4      | Found a burning altar of Makhleb.
  3266 | D:4      | Found a glowing silver altar of Zin.
  3266 | D:4      | Noticed an angel
  3809 | D:4      | Noticed Ijyb
  3817 | D:4      | Paralysed by Ijyb for 6 turns
  3826 | D:4      | Paralysed by Ijyb for 7 turns
  3838 | D:4      | Killed Ijyb
  4012 | D:5      | Entered Level 5 of the Dungeon
  4096 | D:5      | Reached XP level 6. HP: 39/47 MP: 6/6
  4605 | D:5      | Reached skill level 4 in Long Blades
  4755 | D:5      | Found Gidue's Distillery.
  5032 | D:5      | Bought a potion of heal wounds for 70 gold pieces
  5032 | D:5      | Bought a potion of lignification for 42 gold pieces
  5139 | D:5      | Found a bloodstained altar of Trog.
  5224 | D:6      | Noticed a sky beast
  5236 | D:6      | Killed a sky beast
  5236 | D:6      | Gained mutation: Your flesh is cold resistant. (rC+)
                  | [demonic ancestry]
  5236 | D:6      | Reached XP level 7. HP: 45/53 MP: 7/7
  5354 | D:6      | Reached skill level 5 in Long Blades
  5830 | D:6      | Reached skill level 1 in Dodging
  5945 | D:6      | Reached XP level 8. HP: 49/60 MP: 8/8
  6202 | D:6      | Reached skill level 6 in Long Blades
  6377 | D:7      | Found a sacrificial altar of Ru.
  6396 | D:7      | Reached skill level 5 in Armour
  6405 | D:7      | Found an iron altar of Okawaru.
  6405 | D:7      | Found a sparkling altar of Nemelex Xobeh.
  6405 | D:7      | Found a shimmering blue altar of Sif Muna.
  6463 | D:7      | Became a worshipper of Warmaster Okawaru
  6605 | D:7      | Reached skill level 5 in Shields
  6663 | D:7      | Found Viudd's Distillery.
  6671 | D:7      | Bought a potion of mutation for 120 gold pieces
  6676 | D:7      | Gained mutation: You have sharp toenails. [potion of
                  | mutation]
  6676 | D:7      | Gained mutation: You can translocate small distances at
                  | will. [potion of mutation]
  6730 | D:7      | Found a blossoming altar of Fedhas.
  6789 | D:7      | Reached skill level 7 in Long Blades
  6936 | D:7      | Found a staircase to the Ecumenical Temple.
  6959 | D:7      | Reached * piety under Okawaru
  6973 | D:7      | Reached skill level 5 in Fighting
  7243 | D:8      | Noticed Gastronok
  7270 | D:8      | Killed Gastronok
  7270 | D:8      | Reached ** piety under Okawaru
  7270 | D:8      | Reached *** piety under Okawaru
  7270 | D:8      | Reached **** piety under Okawaru
  7270 | D:8      | Reached skill level 8 in Long Blades
  7270 | D:8      | Gained mutation: You are partially covered in sharp spines.
                  | [demonic ancestry]
  7270 | D:8      | Reached XP level 9. HP: 17/69 MP: 6/9
  7462 | D:8      | Reached skill level 1 in Invocations
  7485 | D:8      | Gained mutation: You are immune to freezing clouds.
                  | [demonic ancestry]
  7485 | D:8      | Reached XP level 10. HP: 76/76 MP: 9/11
  7488 | D:8      | Reached skill level 9 in Long Blades
  7578 | D:8      | Found a runed translucent door.
  7584 | D:8      | Found a runed translucent gate.
  7595 | D:8      | Found a runed translucent gate.
  7691 | D:8      | Found a runed translucent gate.
  7744 | D:8      | Found a runed translucent door.
  7781 | D:8      | Found the +9 staff of Olgreb {rPois∞}
  8409 | D:9      | Found Sourr's Weapon Shop.
  8411 | D:9      | Found a staircase to the Orcish Mines.
  8413 | D:9      | Found Oklaqous's Armour Shop.
  8621 | D:9      | Reached ***** piety under Okawaru
  9110 | D:9      | Reached skill level 5 in Invocations
  9126 | D:9      | Found a basalt altar of Yredelemnul.
  9335 | D:10     | Entered Level 10 of the Dungeon
  9746 | D:10     | Gained mutation: You are mostly covered in yellow scales.
                  | (AC +3) [demonic ancestry]
  9746 | D:10     | Reached XP level 11. HP: 66/84 MP: 15/15
 10041 | D:10     | Noticed a two-headed ogre
 10046 | D:10     | Killed a two-headed ogre
 10110 | D:10     | Found a staircase to the Lair.
 10463 | Orc:1    | Entered Level 1 of the Orcish Mines
 10476 | Orc:1    | Noticed an orc sorcerer
 10491 | Orc:1    | Paralysed by an orc sorcerer for 6 turns
 10496 | Orc:1    | Noticed a sixfirhy
 10502 | D:9      | Killed an orc sorcerer
 10502 | D:9      | Received a gift from Okawaru
 10505 | D:9      | Got a jewelled cloak {god gift}
 10517 | D:9      | Identified the +2 cloak of Midnight {rPois Str+3 Int-4}
                  | (Okawaru gifted it to you on level 9 of the Dungeon)
 10624 | Orc:1    | Noticed an orc warlord
 10683 | D:9      | Killed an orc warlord
 10683 | D:9      | Reached skill level 10 in Long Blades
 10990 | Orc:1    | Noticed an orc high priest
 11590 | Orc:1    | Found Lougim's Antique Weapon Boutique.
 11784 | Orc:1    | Killed an orc high priest
 11796 | Orc:1    | HP: 4/87 [orc warrior/+0 glaive (9)]
 11796 | Orc:1    | Slain by an ogre

Illustrated notes

Levels and vault maps discovered:
D:1:      dpeg_arrival_boxorama, layout_rooms, minmay_box_of_dots
D:2:      layout_loops_cross, fiery_altar_vehumet, uniq_jessica
D:3:      layout_loops_ring, old_standard_altar, tso_metal_star
D:4:      kennysheep_the_goblin_king, layout_gridville,
          grunt_temple_overflow_order_and_chaos_2
D:5:      layout_loops_corners, lightli_temple_of_fire, serial_shops,
          nicolae_shop_statue_plus
D:6:      layout_basic
D:7:      layout_basic, kennysheep_mini_moat, overflow_temple_1_default,
          chequers_temple_overflow_statue_of_worship, temple_doors_cd,
          serial_shops, shop_fountains, skrybe_limestone_x, the_bakery
D:8:      layout_loops_ring, minmay_guarded_unrand_staff_of_olgreb,
          uniq_gastronok
D:9:      layout_roguey, lemuel_mausoleum_altar_yredelemnul, orc_david_3,
          serial_corexii_hall, chequers_hall_statues_wall_a,
          chequers_hall_statues_y, corexii_hall_statues_s,
          chequers_hall_statues_y
D:10:     layout_stronghold, david_lair_shrubbed
Orc:1:    emtedronai_trogs_sanctum, layout_diamond_mine, serial_shops, shop

Skill      XL: |  1  2  3  4  5  6  7  8  9 10 11 |
---------------+----------------------------------+-----
Long Blades    | 2 3 4 5 8 9 10 | 10.3
Armour         | 3 4 6 7 8 |  8.2
Shields        | 3 4 6 7 8 |  8.4
Fighting       | 4 6 7 8 |  8.6
Dodging        | 1 |  1.5
Invocations    | 1 5 7 |  7.7
Throwing       | |  0.3
Stealth        | |  0.2

Action                   |  1- 3 |  4- 6 |  7- 9 | 10-12 || total
-------------------------+-------+-------+-------+-------++-------
Melee: Long sword        |   113 |   228 |    41 |       ||   382
       Scimitar          |       |       |   264 |   631 ||   895
Throw: Dart              |       |       |     2 |     4 ||     6
Invok: Heroism           |       |       |     1 |     3 ||     4
       Finesse           |       |       |       |     1 ||     1
Evoke: Wand              |       |       |       |    16 ||    16
  Use: Scroll            |       |     4 |     1 |     4 ||     9
       Potion            |       |       |     4 |     1 ||     5
 Stab: Paralysed         |       |       |       |     7 ||     7
Armor: Scale mail        |    61 |    49 |       |       ||   110
       Chain mail        |       |   110 |   150 |   260 ||   520
       Skin              |       |       |     2 |       ||     2
Dodge: Dodged            |    28 |    84 |    54 |   152 ||   318
Block: Kite shield       |    66 |   135 |   176 |   396 ||   773
       Rpst.: Long sword |    11 |    32 |     1 |       ||    44
       Scimitar          |       |       |    12 |    34 ||    46

Table legend: (Time is in decaauts)
 A = Elapsed time spent in this place.
 B = Non-inter-level travel time spent in this place.
 C = Inter-level travel time spent in this place.
 D = Time resting spent in this place.
 E = Time spent auto-exploring this place.
 F = Levels seen in this place.
 G = Mean time per level.
                   A        B        C        D        E       F      G
               +--------+--------+--------+--------+--------+-----+--------+
         Total |  11936 |  11549 |    387 |   1726 |   7070 |  11 | 1085.1 |
       Dungeon |  10933 |  10546 |    387 |   1547 |   6657 |  10 | 1093.3 |
  Orcish Mines |   1003 |   1003 |      0 |    179 |    413 |   1 | 1003.0 |
               +--------+--------+--------+--------+--------+-----+--------+

Top non-repeatable levels by time:
     D:2: 1784 daAuts
     D:9: 1273 daAuts
     D:5: 1229 daAuts
     D:8: 1205 daAuts
     D:6: 1127 daAuts
    D:10: 1087 daAuts
   Orc:1: 1003 daAuts
     D:7: 907 daAuts
     D:1: 816 daAuts
     D:4: 778 daAuts
     D:3: 722 daAuts
